 Dungeon Crawl Stone Soup version 0.22-a0-181-gb22368a (webtiles) character file.

2172 Azzok the Fighter (level 9, -13/64 HPs)
             Began as a Gargoyle Berserker on Feb 14, 2018.
             Was a High Priest of Trog.
             Mangled by a two-headed ogre
             ... wielding a +0 giant club
              (15 damage)
             ... on level 6 of the Dungeon.
             The game lasted 00:10:14 (6441 turns).

Azzok the Fighter (Gargoyle Berserker)              Turns: 6441, Time: 00:10:15

Health: -13/64     AC: 16    Str: 25    XL:     9   Next: 32%
Magic:  9/9        EV:  8    Int:  7    God:    Trog [*****.]
Gold:   533        SH:  0    Dex:  9    Spells: 8/8 levels left

rFire    . . .     SeeInvis .   r - +6 rapier (drain)
rCold    . . .     Gourm    .   (no shield)
rNeg     + . .     Faith    +   q - +0 chain mail
rPois    ∞         Spirit   .   (no helmet)
rElec    +         Reflect  .   t - scarf {repulsion}
rCorr    .         Harm     .   p - +0 pair of gloves (curse)
MR       .....                  (no boots)
Stlth    ..........             k - amulet of faith
HPRegen  0.20/turn              (no ring)
MPRegen  0.11/turn              (no ring)

@: repel missiles
A: negative energy resistance 1, electricity resistance, unbreathing,
petrification resistance, rot immunity, AC +6
a: Berserk, Trog's Hand, Brothers in Arms, Burn Spellbooks, Renounce Religion


You were on level 6 of the Dungeon.
You worshipped Trog.
Trog was extremely pleased with you.
You were not hungry.

You visited 1 branch of the dungeon, and saw 6 of its levels.
You also visited: Sewer and Ossuary.

You collected 533 gold pieces.

Inventory:

Hand Weapons
 a - a +0 falchion
 r - a +6 rapier of draining (weapon)
 G - a +0 shortbow
Missiles
 h - 107 arrows
Armour
 p - a cursed +0 pair of gloves (worn)
 q - a +0 chain mail (worn)
 t - a scarf of repulsion (worn)
Jewellery
 k - an amulet of faith (around neck)
 o - a +2 amulet of reflection {unknown}
Scrolls
 b - 5 scrolls of teleportation {unknown}
 d - a scroll of immolation {unknown}
 g - 2 scrolls of enchant armour {unknown}
 i - 3 scrolls of magic mapping {unknown}
 l - 2 scrolls of blinking {unknown}
 v - 4 scrolls of identify {unknown}
 x - a scroll of remove curse {unknown}
 y - a scroll of summoning {unknown}
 A - a scroll of torment {unknown}
 B - a scroll of brand weapon {unknown}
 C - a scroll of amnesia {unknown}
 D - a scroll of silence {unknown}
Potions
 e - 6 potions of might {unknown}
 f - a potion of cancellation {unknown}
 j - 5 potions of curing {unknown}
 m - 4 potions of flight {unknown}
 n - a potion of ambrosia {unknown}
 s - 10 potions of heal wounds {unknown}
 u - 2 potions of agility {unknown}
 w - 4 potions of brilliance {unknown}
 z - a potion of haste {unknown}
 E - a potion of resistance {unknown}
 F - a potion of mutation {unknown}
Comestibles
 c - 7 rations
 H - 6 chunks of flesh


   Skills:
 - Level 11.5 Fighting
 - Level 2.6 Long Blades
 + Level 6.1 Bows
 - Level 2.1 Armour
 - Level 1.5 Dodging


You had 8 spell levels left.
You didn't know any spells.

Dungeon Overview and Level Annotations

Branches:
Dungeon (6/15)
 Temple: D:4-7

Altars:
Qazlal
Ru
Sif Muna
Vehumet


Innate Abilities, Weirdness & Mutations

You are resistant to torment.
Your stone body is resilient. (AC +6)
You are immune to poison.
You resist negative energy. (rN+)
You are resistant to electric shocks. (rElec)
You can survive without breathing.
You are immune to petrification.
You are immune to rotting.


Message History

The two-headed ogre hits you with a giant club.
The two-headed ogre barely misses you.
You hit the two-headed ogre. You drain the two-headed ogre!
The two-headed ogre is moderately wounded.
The two-headed ogre hits you with a giant club.
The two-headed ogre hits you but does no damage.
You puncture the two-headed ogre!
The two-headed ogre is moderately wounded.
The two-headed ogre closely misses you.
The two-headed ogre hits you with a giant club!!
You barely miss the two-headed ogre.
The two-headed ogre is moderately wounded.
The two-headed ogre hits you with a giant club! x2
* * * LOW HITPOINT WARNING * * *
You puncture the two-headed ogre! You drain the two-headed ogre!
The two-headed ogre is severely wounded.
The two-headed ogre hits you with a giant club!
* * * LOW HITPOINT WARNING * * *
The two-headed ogre hits you with a giant club!
You die...

·▒▒ ▒·················
····· ▒···$···········▒·
▒ ··· ▒·················
··▒▒·▒▒·················
························
·······(················
········(·····^·····▒···
·········▒▒▒·▒▒▒▒▒▒▒▒···
······O@·()÷·%········<·
·········▒▒▒(▒▒▒▒▒▒▒▒▒··
·········▒ ▒·▒ ▒▒·
········▒▒▒··▒ ▒▒
·▒·····▒▒▒··▒▒ ▒·
··▒▒▒▒▒ ▒·▒ ▒▒· · ▒·
▒▒▒▒▒▒▒▒▒·· ··
··········· ▒·
·▒▒▒▒▒▒▒·▒▒


You could see a two-headed ogre.

Vanquished Creatures
  The ghost of KristoblXynda the Slasher, an amateur DrGl of Ashenzari (D:6)
  Eustachio (D:4)
  An orc warrior (D:2)
  A black bear (D:5)
  An ogre (D:5)
  2 phantoms
  2 centaurs
  2 big kobolds (Sewer)
  A bullfrog (D:6)
  2 scorpions
  2 crimson imps
  A quasit (D:6)
  3 hounds
  2 bullfrog skeletons (D:5)
  2 orc priests
  An orc wizard (D:5)
  2 centaur skeletons
  5 worker ants
  8 mummies (Ossuary)
  9 adders
  4 gnolls (D:3)
  A howler monkey skeleton (D:4)
  6 river rats (Sewer)
  An ooze (Sewer)
  2 adder skeletons (D:4)
  2 worms
  6 dart slugs
  7 leopard geckos
  5 orcs
  7 giant cockroaches
  5 goblins
  5 hobgoblins
  8 jackals
  3 quokkas
  9 ball pythons
  11 bats
  4 frilled lizards
  A gnoll zombie (Ossuary)
  2 hobgoblin zombies (Ossuary)
  19 kobolds
  4 kobold zombies (Ossuary)
  An orc zombie (Ossuary)
  3 quokka skeletons
  22 rats
187 creatures vanquished.

Notes
Turn   | Place    | Note
-------+----------+-------------------------------------------
     0 | D:1      | Azzok the Gargoyle Berserker began the quest for the Orb.
     0 | D:1      | Reached XP level 1. HP: 14/14 MP: 1/1
   250 | D:1      | Reached XP level 2. HP: 20/20 MP: 2/2
   402 | D:1      | Reached skill level 4 in Fighting
   869 | D:1      | Reached XP level 3. HP: 24/24 MP: 3/3
  1121 | D:2      | Reached ** piety under Trog
  1132 | D:2      | Noticed an orc warrior
  1142 | D:2      | Killed an orc warrior
  1142 | D:2      | Reached skill level 6 in Fighting
  1142 | D:2      | Reached XP level 4. HP: 22/32 MP: 4/4
  1142 | D:2      | Reached XP level 5. HP: 25/36 MP: 5/5
  1406 | D:2      | Found a sacrificial altar of Ru.
  1406 | D:2      | Found a radiant altar of Vehumet.
  1960 | D:3      | Reached skill level 7 in Fighting
  1976 | D:3      | Reached XP level 6. HP: 38/44 MP: 6/6
  2164 | D:3      | Noticed a phantom
  2187 | D:3      | Killed a phantom
  2498 | D:3      | Found a stormy altar of Qazlal.
  2577 | D:3      | Reached *** piety under Trog
  2769 | D:4      | Found a deep blue altar of Sif Muna.
  2853 | D:4      | Reached skill level 8 in Fighting
  3072 | D:4      | Reached XP level 7. HP: 45/50 MP: 7/7
  3314 | D:4      | Found a glowing drain.
  3335 | Sewer    | Entered a sewer
  3375 | Sewer    | Reached skill level 9 in Fighting
  3473 | Sewer    | Reached **** piety under Trog
  4378 | D:5      | Entered Level 5 of the Dungeon
  4378 | D:5      | Found a sand-covered staircase.
  4378 | D:5      | Noticed Eustachio
  4418 | D:4      | Killed Eustachio
  4418 | D:4      | Reached skill level 10 in Fighting
  4418 | D:4      | Reached XP level 8. HP: 6/58 MP: 8/8
  4711 | D:5      | Reached ***** piety under Trog
  4762 | Ossuary  | Entered an ossuary
  5326 | D:5      | Reached skill level 11 in Fighting
  5474 | D:5      | Reached skill level 1 in Bows
  6095 | D:6      | Noticed KristoblXynda's ghost (amateur DrGl)
  6108 | D:5      | Reached XP level 9. HP: 51/64 MP: 9/9
  6121 | D:6      | Killed KristoblXynda's ghost
  6121 | D:6      | Reached skill level 5 in Bows
  6434 | D:6      | Noticed a two-headed ogre
  6441 | D:6      | HP: 2/64 [two-headed ogre/giant club (7)]
  6441 | D:6      | Mangled by a two-headed ogre

Vault maps used:
D:1:      sevenhm_arrival_forest_fort_small_5, columned_hall_lemuel
D:2:      gammafunk_temple_overflow_elements
D:3:      grunt_qazlal_sundering
D:4:      overflow_temple_1_default, portal_sewer_entry_f, first_ration,
          corexii_leaking_fountain
D:5:      enter_ossuary_1, minmay_misc_feat_room, uniq_eustachio
D:6:      moated_statue, minivault_23
Sewer:    sewer_minmay_treatment
Ossuary:  ossuary_tomb_3

Skill      XL: |  1  2  3  4  5  6  7  8  9 |
---------------+----------------------------+-----
Fighting       | 4 6 7 8 10 11 | 11.5
Bows           | 4 6 |  6.1
Long Blades    | |  2.6
Armour         | |  2.1
Dodging        | |  1.5

Action                   |  1- 3 |  4- 6 |  7- 9 || total
-------------------------+-------+-------+-------++-------
Melee: Falchion          |    72 |   181 |   235 ||   488
       Rapier            |       |       |   162 ||   162
Invok: Berserk           |     1 |     1 |     4 ||     6
  Eat: Chunk             |     1 |     8 |    16 ||    25
Armor: Animal skin       |    35 |     1 |       ||    36
       Chain mail        |       |   110 |   368 ||   478
Dodge: Dodged            |    50 |    90 |   265 ||   405
       Deflected         |       |     1 |    10 ||    11
       Rpst.: Falchion   |    14 |    32 |    65 ||   111

Table legend:
 A = Spawn XP
 B = Non-spawn XP
 C = Spawn XP percentage of total XP
 D = Spawn monster count
 E = Non-spawn monster count
 F = Spawn count percentage of total count
 G = Total turns spent on level
                    A         B        C        D         E        F      G
               +---------+---------+-------+---------+---------+-------+---------
         Total |       0 |    3104 |   0.0 |       0 |     187 |   0.0 |  6441
               +---------+---------+-------+---------+---------+-------+---------
           D:1 |       0 |      36 |   0.0 |       0 |      20 |   0.0 |  1015
           D:2 |       0 |     243 |   0.0 |       0 |      21 |   0.0 |   898
           D:3 |       0 |     217 |   0.0 |       0 |      24 |   0.0 |   816
           D:4 |       0 |     490 |   0.0 |       0 |      25 |   0.0 |  1119
           D:5 |       0 |     883 |   0.0 |       0 |      23 |   0.0 |   880
           D:6 |       0 |     724 |   0.0 |       0 |      10 |   0.0 |   339
         Sewer |       0 |     363 |   0.0 |       0 |      48 |   0.0 |   814
       Ossuary |       0 |     148 |   0.0 |       0 |      16 |   0.0 |   560
               +---------+---------+-------+---------+---------+-------+---------
